 Dungeon Crawl Stone Soup version 0.19.0-2-gae57169 (webtiles) character file.

110 Franakus the Conjurer (level 4, -1/27 HPs)
             Began as an Octopode Conjurer on Nov 5, 2016.
             Was an Initiate of Vehumet.
             Engulfed by a cloud of flame (25 damage)
             ... on level 3 of the Dungeon.
             The game lasted 00:16:21 (2277 turns).

Franakus the Conjurer (Octopode Conjurer)           Turns: 2277, Time: 00:16:22

Health: -1/27      AC:  1    Str:  7    XL:     4   Next: 91%
Magic:  5/7        EV: 13    Int: 18    God:    Vehumet [......]
Gold:   140        SH:  0    Dex: 12    Spells: 3 memorised, 1 level left

rFire  . . .     SeeInvis .     p - -3 morningstar (curse)
rCold  . . .     Gourm    .     (no shield)
rNeg   . . .     Faith    .     (helmet restricted)
rPois  .         Spirit   .     (no amulet)
rElec  .         Reflect  .     (no ring)
rCorr  .         Harm     .     (no ring)
MR     .....                    (no ring)
Stlth  +++.......               (no ring)
                                (no ring)
                                (no ring)
                                (no ring)
                                (no ring)

@: no status effects
A: almost no armour, stealthy swim, amphibious, 8 rings, constrict 8, camouflage
1, gelatinous body 1
a: Renounce Religion


You were on level 3 of the Dungeon.
You worshipped Vehumet.
Vehumet was noncommittal.
You were not hungry.

You visited 1 branch of the dungeon, and saw 3 of its levels.

You collected 140 gold pieces.

Inventory:

Hand Weapons
 p - a cursed -3 morningstar (weapon)
 q - a +2 dagger of venom
Missiles
 j - 46 sling bullets
Scrolls
 g - a scroll of noise
 i - 3 scrolls of identify
Potions
 c - a potion of flight
 e - a potion of berserk rage {unknown}
 f - a potion of lignification {unknown}
 h - 4 potions of brilliance {unknown}
 l - a potion of agility {unknown}
 m - a potion of cancellation {unknown}
 n - a potion of invisibility {unknown}
Books
 a - a book of Conjurations

   Spells                             Type                      Level
   a - Magic Dart                     Conjuration                  1
   b - Searing Ray                    Conjuration                  2
   c - Dazzling Spray                 Conjuration/Hexes            3
   d - Fulminant Prism                Conjuration/Hexes            4
   e - Iskenderun's Mystic Blast      Conjuration                  4
   f - Iskenderun's Battlesphere      Conjuration/Charms           5
Comestibles
 b - 2 bread rations
 d - 2 meat rations
 k - a slice of pizza


   Skills:
 - Level 2.2 Dodging
 + Level 3.5 Stealth
 * Level 2.6 Spellcasting
 + Level 5.3 Conjurations


You had one spell level left.
You knew the following spells:

 Your Spells              Type           Power        Failure   Level  Hunger
a - Magic Dart            Conj           ###.         1%          1    #......
b - Searing Ray           Conj           ###...       2%          2    ##.....
c - Iskenderun's Mystic   Conj           ###.....     21%         4    #####..


Dungeon Overview and Level Annotations

Branches:
Dungeon (3/15)

Altars:
Cheibriados
Vehumet


Innate Abilities, Weirdness & Mutations

You cannot wear most types of armour.
You are very stealthy in the water. (Stealth+)
You are amphibious.
You can wear up to eight rings at the same time.
You can use your tentacles to constrict eight enemies at once.
Your skin changes colour to match your surroundings (Stealth+).
Your rubbery body absorbs attacks. (AC +1, EV +1)


Message History

You kill the kobold!
Things that are here:
a dagger; 30 stones; a kobold corpse
Things that are here:
a rat corpse; an orc corpse You see here a stone.
Really walk into a travel-excluded area?
Uppercase [Y]es or [N]o only, please.
Really walk into a travel-excluded area?
Okay, then.
Really walk into a travel-excluded area?
Found a stone staircase leading up.
There is a radiant altar of Vehumet here.
Unknown command.
Press < or > to pray at altars.
You curl up in front of the altar of Vehumet.
Vehumet welcomes you!
You are engulfed in roaring flames.
Ouch! That really hurt!
You die...

#.....# #.#
#.# #.#
#.....# #.#
#.# #.#
####.## #(#
#.# #.#
#####.#
######.#####.#
#.# ......#
#[...........#
#.# #######
#......#######
#.#
#^.§§§§###...
##.§_......#
#.§.@..)..#
#.§§.§....#
##........#
#........#
#.....<..#
#........#
###........
######.##


There were no monsters in sight!

Vanquished Creatures
  2 adders (D:3)
  2 worms
  3 dart slugs
  2 leopard geckos (D:2)
  7 orcs (D:3)
  8 bats
  13 giant cockroaches
  4 goblins
  7 hobgoblins
  4 jackals (D:3)
  4 frilled lizards
  A kobold (D:3)
  9 rats
66 creatures vanquished.

Vanquished Creatures (others)
  An orc (D:3)
1 creature vanquished.

Grand Total: 67 creatures vanquished

Notes
Turn   | Place    | Note
-------+----------+-------------------------------------------
     0 | D:1      | Franakus the Octopode Conjurer began the quest for the Orb.
     0 | D:1      | Reached XP level 1. HP: 11/11 MP: 3/3
   124 | D:1      | Reached XP level 2. HP: 5/17 MP: 1/5
   129 | D:1      | Learned a level 2 spell: Searing Ray
   446 | D:1      | You fall through a shaft!
   446 | D:2      | Found a snail-covered altar of Cheibriados.
   588 | D:2      | Reached XP level 3. HP: 18/21 MP: 0/6
  1216 | D:2      | Reached skill level 5 in Conjurations
  1652 | D:2      | Reached XP level 4. HP: 27/27 MP: 5/7
  1658 | D:2      | Learned a level 4 spell: Iskenderun's Mystic Blast
  2211 | D:3      | Found a radiant altar of Vehumet.
  2276 | D:3      | Became a worshipper of Vehumet
  2277 | D:3      | Engulfed by a cloud of flame

Skill      XL: |  1  2  3 |
---------------+----------+-----
Stealth        | 3 |  3.5
Conjurations   | 5 |  5.3
Dodging        | |  2.2
Spellcasting   | |  2.6

Action                   |  1- 3 |  4- 6 || total
-------------------------+-------+-------++-------
Melee: Unarmed           |    94 |     9 ||   103
       Tentacles         |    16 |     5 ||    21
       Constrict         |    25 |    16 ||    41
       Morningstar       |       |    28 ||    28
 Cast: Magic Dart        |    34 |     7 ||    41
       Searing Ray       |     3 |     6 ||     9
  Use: Scroll            |       |     4 ||     4
 Stab: Sleeping          |       |     1 ||     1
  Eat: Chunk             |     2 |     3 ||     5
Armor: Skin              |    18 |     2 ||    20
Dodge: Dodged            |    67 |    35 ||   102
